 Dungeon Crawl Stone Soup version 0.30-a0-867-g305f33218d (webtiles) character file.

Game seed: 11414388464878011735

98 Grim the Chopper (level 5, -1/41 HPs)
             Began as a Formicid Fighter on Mar 10, 2023.
             Slain by Jessica
             ... wielding a +0 club
              (4 damage)
             ... on level 3 of the Dungeon.
             The game lasted 00:03:24 (2352 turns).

Grim the Chopper (Formicid Fighter)                 Turns: 2352, Time: 00:03:25

Health: -1/41      AC:  8    Str: 23    XL:     5   Next: 1%
Magic:  5/5        EV:  9    Int:  7    God:
Gold:   88         SH:  5    Dex: 13    Spells: 4/4 levels left

rFire   . . .      SeeInvis +    a - +0 war axe
rCold   . . .      Faith    .    c - +0 buckler
rNeg    . . .      Spirit   .    b - +0 scale mail
rPois   .          Reflect  .    (helmet unavailable)
rElec   .          Rampage  .    k - +0 cloak
rCorr   .                        (no gloves)
Will    .....                    (no boots) Stlth
                                 (no amulet)
HPRegen 0.26/turn                (no ring)
MPRegen 0.09/turn                (no ring)

@: mighty
A: permanent stasis, dig shafts and tunnels, antennae 3, four strong arms
a: Dig, Shaft Self


You were on level 3 of the Dungeon.
You visited 1 branch of the dungeon, and saw 3 of its levels.

You collected 88 gold pieces.

Inventory:

Hand Weapons
 a - a +0 war axe (weapon)
Missiles
 f - 2 throwing nets
Armour
 b - a +0 scale mail (worn)
 c - a +0 buckler (worn)
 k - a +0 cloak (worn)
Jewellery
 p - a ring of magical power
Scrolls
 h - 6 scrolls of teleportation {unknown}
 i - 2 scrolls of identify {unknown}
 j - a scroll of amnesia {unknown}
 l - a scroll of fear {unknown}
 o - a scroll of torment {unknown}
 q - a scroll of blinking {unknown}
Potions
 e - a potion of curing {unknown}
 g - 3 potions of brilliance {unknown}
 m - 2 potions of lignification {unknown}
 n - a potion of flight {unknown}


   Skills:
 - Level 3.2 Fighting
 + Level 4.7 Axes
 - Level 3.2 Armour
 - Level 4.0 Shields


You had 4 spell levels left.
You didn't know any spells.
Your spell library contained the following spells:

 Spells                   Type           Power      Damage    Failure   Level
 Necrotise                Necr           0%         1d4       82%         1
 Gell's Gravitas          Tloc           0%         N/A       99%         3
 Teleport Other           Tloc           0%         N/A       99%         3
 Vampiric Draining        Necr           0%         2d6       99%         3
 Agony                    Necr           0%         N/A       100%        5
 Dispersal                Tloc           0%         N/A       100%        6


Dungeon Overview and Level Annotations

Branches:
Dungeon (3/15)

Altars:

Annotations:
D:3 Jessica


Innate Abilities, Weirdness & Mutations

You cannot be hasted, slowed, berserked, paralysed or teleported.
You can dig through walls and to a lower floor.
You have a pair of large antennae on your head. (SInv)
Your four strong arms can wield two-handed weapons with a shield.


Message History

The kobold shouts!
The kobold throws a stone.
The stone hits you but does no damage.
Found a scroll labelled YDWAIGRELAU.
The kobold throws a stone.
The stone barely misses you.
Found 4 stones.
Found 4 stones and a green potion.
Found a stone staircase leading down.
The kobold barely misses you.
Jessica the Apprentice Sorceress comes into view.
She is wielding a +0 club.
You miss the kobold.
Jessica shouts!
The kobold barely misses you.
You hit the kobold.
The kobold is moderately wounded.
Jessica casts a spell.
Jessica blinks!
The kobold hits you with a +0 dagger.
You slash the kobold!
You kill the kobold!
Jessica casts a spell at you. Pain shoots through your body!
Found a dagger.
Things that are here:
a +0 dagger; 5 stones You barely miss Jessica.
Jessica hits you with a +0 club.
You closely miss Jessica.
Jessica casts a spell.
Jessica seems to speed up.
Jessica casts a spell at you. Pain shoots through your body!
* * * LOW HITPOINT WARNING * * *
You feel very mighty all of a sudden. Jessica barely misses you.
You barely miss Jessica. Jessica casts a spell at you.
Pain shoots through your body!
* * * LOW HITPOINT WARNING * * *
Jessica barely misses you.
You barely miss Jessica. Jessica hits you with a +0 club.
* * * LOW HITPOINT WARNING * * *
Jessica hits you with a +0 club.
You die...

##############..
....#...(.......
.....#.........).
####.#...........
#P##.>...........
#.##...........#
#.# #..........#
#.# ##..)@@....#
#######........(.#
#................#
#............?.!...
##......#.########.
###...[....#
#........#..#
#........##.#
#........# ..#


You could see Jessica (fast).

Vanquished Creatures
  An orc priest (D:2)
  A gnoll (D:1)
  2 dart slugs
  3 orcs
  5 bats
  4 endoplasms
  4 giant cockroaches
  6 goblins
  2 hobgoblins
  3 jackals (D:1)
  2 quokkas
  8 ball pythons
  A frilled lizard (D:2)
  4 kobolds
  4 rats
50 creatures vanquished.

Notes
Turn   | Place    | Note
-------+----------+-------------------------------------------
     0 | D:1      | Grim the Formicid Fighter began the quest for the Orb.
     0 | D:1      | Reached XP level 1. HP: 18/18 MP: 1/1
   142 | D:1      | Reached XP level 2. HP: 24/24 MP: 2/2
   182 | D:1      | You fall into a shaft and drop 1 floor!
   486 | D:1      | Reached XP level 3. HP: 25/29 MP: 3/3
  1434 | D:2      | Reached XP level 4. HP: 35/35 MP: 4/4
  2307 | D:3      | Reached XP level 5. HP: 41/41 MP: 5/5
  2342 | D:3      | Noticed Jessica
  2352 | D:3      | Slain by Jessica

Illustrated notes

Levels and vault maps discovered:
D:1:      minmay_arrival_shoal_huts, layout_basic, feat_on_display
D:2:      layout_loops_corners
D:3:      layout_basic, general_overflow_altar, serial_aquarium,
          aquarium_bridge_square [aquarium_subvault_wall,
          aquarium_subvault_bridge, aquarium_subvault_window,
          aquarium_subvault_balcony], aquarium_window_double,
          aquarium_window_corridor_1, aquarium_window_1, aquarium_window_2,
          aquarium_view_2d, aquarium_pool_side, uniq_crazy_yiuf_cottage,
          uniq_terence, uniq_jessica

Skill      XL: |  1  2  3 |
---------------+----------+-----
Axes           | 3 4 |  4.7
Fighting       | |  3.2
Armour         | |  3.2
Shields        | |  4.0

Action                     |  1- 3 |  4- 6 || total
---------------------------+-------+-------++-------
  Melee: War axe           |    90 |    46 ||   136
    Use: Potion            |       |     1 ||     1
 Armour: Scale mail        |    28 |    11 ||    39
  Dodge: Dodged            |    36 |    23 ||    59
  Block: Buckler           |    27 |    13 ||    40

Table legend: (Time is in decaauts)
 A = Elapsed time spent in this place.
 B = Non-inter-level travel time spent in this place.
 C = Inter-level travel time spent in this place.
 D = Time resting spent in this place.
 E = Time spent auto-exploring this place.
 F = Levels seen in this place.
 G = Mean time per level.
                   A        B        C        D        E       F      G
               +--------+--------+--------+--------+--------+-----+--------+
         Total |   2404 |   2334 |     70 |    481 |   1443 |   3 |  801.3 |
       Dungeon |   2404 |   2334 |     70 |    481 |   1443 |   3 |  801.3 |
               +--------+--------+--------+--------+--------+-----+--------+

Top non-repeatable levels by time:
     D:2: 1161 daAuts
     D:1: 1158 daAuts
     D:3: 84 daAuts
